 Dungeon Crawl Stone Soup version 0.27.0-1-g7a089689b8 (webtiles) character file.

Game seed: 464520487956698361

210909 robertstho the Sorcerer (level 19, -3/135 HPs)
             Began as a Djinni Fire Elementalist on Aug 12, 2021.
             Was an Initiate of Gozag.
             Slain by a shadow wraith (18 damage)
             ... on level 3 of the Abyss.
             The game lasted 01:29:09 (39628 turns).

robertstho the Sorcerer (Djinni Fire Elementalist) Turns: 39628, Time: 01:29:09

Health: -3/135     AC: 13    Str:  7    XL:     19   Next: 59%
Gold:   3830       EV: 18    Int: 37    God:    Gozag SH: 15 Dex: 20

rFire    + + .     SeeInvis .   C - +7 Spriggan's Knife {stab, EV+4 Stlth+}
rCold    x . .     Faith    .   V - +0 kite shield {reflect}
rNeg     . . .     Spirit   .   G - +4 robe of Folly {Brilliance Will-∞ Int+8}
rPois    ∞         Reflect  +   e - +0 hat of Watchfulness {Regen+}
rElec    .         Harm     .   g - +1 cloak
rCorr    .         Rampage  .   P - +0 pair of gloves
Will     .....                  (boots unavailable)
Stlth    ++++......             A - amulet of Contentment {Reflect Int+4 SH+5}
HPRegen  1.32/turn              b - +4 ring of protection
MPRegen  0.00/turn              E - +6 ring of dexterity

@: about to teleport, flying, very slightly contaminated, hasted and slowed,
studying 2 skills
A: sickness immunity, fire resistance 2, cold vulnerability 1, float, innate
caster, hp casting, extra vitality 1
}: 1/15 runes: barnacled
a: Renounce Religion, Potion Petition, Call Merchant, Bribe Branch


You were on level 3 of the Abyss.
You worshipped Gozag.
Gozag was most pleased with you.
You visited 7 branches of the dungeon, and saw 32 of its levels.
You visited the Abyss 1 time.
You also visited: Ossuary.

You collected 11473 gold pieces.
You spent 5366 gold pieces at shops.
You paid 2277 gold pieces to Gozag.

Inventory:

Hand Weapons
 y - a +1 falchion of holy wrath
 C - the +7 Spriggan's Knife (weapon) {stab, EV+4 Stlth+}
   (You acquired it on level 2 of the Orcish Mines)

   It is more effective when stabbing unaware enemies, treating them as though
   they were completely helpless.
   EV:        It affects your evasion (+4).
   Stlth:     It makes you more stealthy.
 F - a +2 scimitar of flaming
 N - the +2 rapier of Ysmeavoq {antimagic, rC+ rCorr Str-4}
   (You found it on level 5 of the Lair of Beasts)

   It reduces the magical energy of the wielder, and disrupts the spells and
   magical abilities of those it strikes.
   Natural abilities and divine invocations are not affected.
   Str:       It affects your strength (-4).
   rC:        It protects you from cold.
   rCorr:     It protects you from acid and corrosion.
Armour
 e - the +0 hat of Watchfulness (worn) {Regen+}
   (You found it on level 4 of the Shoals)

   Regen:     It increases your rate of health regeneration.
 g - a +1 cloak (worn)
 r - the +2 hat of Hairiness {rN+ Int+3}
   (You acquired it on level 2 of the Shoals)

   Int:       It affects your intelligence (+3).
   rN:        It protects you from negative energy.
 s - +0 steam dragon scales
 G - the +4 robe of Folly (worn) {Brilliance Will-∞ Int+8}
   (You bought it in a shop on level 2 of the Orcish Mines)

   It increases the power of your magical spells.
   It halves the magic cost of your spells (rounding up).
   It reduces your willpower to zero.
   Int:       It affects your intelligence (+8).
 O - the +2 robe "Fizuc" {Regen+ Str-3 Int+2 Stlth+}
   (You found it on level 12 of the Dungeon)

   Str:       It affects your strength (-3).
   Int:       It affects your intelligence (+2).
   Regen:     It increases your rate of health regeneration.
   Stlth:     It makes you more stealthy.
 P - a +0 pair of gloves (worn)
 V - a +0 kite shield of reflection (worn)
Jewellery
 b - a +4 ring of protection (left hand)
 j - the amulet of the Past {rN++ Regen+}
   (You found it on level 2 of the Shoals)

   [amulet of regeneration]

   rN:        It greatly protects you from negative energy.
   Regen:     It increases your rate of health regeneration.
 A - the amulet of Contentment (around neck) {Reflect Int+4 SH+5}
   (You bought it in a shop on level 9 of the Dungeon)

   [amulet of reflection]

   It reflects blocked missile attacks.
   Int:       It affects your intelligence (+4).
   SH:        It affects your SH (+5).
 E - a +6 ring of dexterity (right hand)
 Q - a ring of ice
 T - a ring of fire
 U - the ring "Areoddot" {+Blink rN+++ MP+9 Str-4 Stlth-}
   (You found it on level 5 of the Lair of Beasts)

   [ring of magical power]

   Str:       It affects your strength (-4).
   rN:        It renders you almost immune to negative energy.
   MP:        It affects your magic capacity (+9).
   +Blink:    It lets you blink.
   Stlth:     It makes you less stealthy.
Wands
 i - a wand of iceblast (19)
 H - a wand of digging (12)
 I - a wand of mindburst (30)
 R - a wand of acid (3)
Scrolls
 c - 4 scrolls of magic mapping
 d - 6 scrolls of enchant armour
 f - 6 scrolls of enchant weapon
 h - 10 scrolls of teleportation
 k - 17 scrolls of identify
 m - 3 scrolls of immolation
 o - a scroll of brand weapon
 p - a scroll of summoning {unknown}
 w - a scroll of fear
 z - a scroll of holy word
 M - a scroll of silence
 X - a scroll of fog
Potions
 a - a potion of ambrosia
 l - 6 potions of mutation
 n - 3 potions of cancellation
 q - 5 potions of haste
 u - 6 potions of might
 x - 7 potions of curing
 J - 2 potions of resistance
 S - 4 potions of invisibility
 W - a potion of berserk rage
Miscellaneous
 K - a tin of tremorstones (2/2)
 L - a condenser vane
 Z - a phantom mirror


   Skills:
 * Level 12.0 Fighting
 + Level 2.5(3.2) Short Blades
 + Level 2.8(3.3) Long Blades
 + Level 6.2 Dodging
 + Level 5.2 Stealth
 + Level 6.2 Shields
 * Level 21.2 Spellcasting
 + Level 2.0 Evocations


You had 8 spell levels left.
You knew the following spells:

 Your Spells              Type           Power      Damage    Failure   Level
a - Foxfire               Conj/Fire      100%       2x1d9     0%          1
b - Conjure Flame         Conj/Fire      100%       6-21      0%          3
c - Inner Flame           Hex/Fire       100%       N/A       0%          3
d - Sticky Flame          Conj/Fire      100%       2d11      0%          4
e - Fireball              Conj/Fire      69%        3d26      0%          5
f - Animate Skeleton      Necr           100%       N/A       0%          1
g - Call Imp              Summ           100%       N/A       0%          2
h - Poisonous Vapours     Pois/Air       100%       N/A       0%          2
i - Mephitic Cloud        Conj/Pois/Air  100%       N/A       0%          3
j - Dispel Undead         Necr           100%       3d31      0%          4
k - Agony                 Necr           100%       N/A       0%          5
l - Simulacrum            Ice/Necr       69%        N/A       1%          6
m - Invisibility          Hex            69%        N/A       1%          6
n - Summon Hydra          Summ           69%        N/A       1%          7
Your spell library was empty.

Dungeon Overview and Level Annotations

Branches:
Dungeon (15/15)            Temple (1/1) D:4            Lair (6/6) D:10
 Shoals (4/4) Lair:4       Spider (1/4) Lair:2        Slime (0/5) Lair:5
    Orc (2/2) D:9             Elf (3/3) Orc:2        Vaults (0/5) D:13
 Depths (0/5) D:15        Ossuary (visited)

Altars:
Ashenzari
Cheibriados
Dithmenos
Elyvilon
Fedhas
Gozag
Hepliaklqana
Kikubaaqudgha
Makhleb
Nemelex Xobeh
Okawaru
Qazlal
Ru
Sif Muna
Trog
Uskayaw
Vehumet
Wu Jian
Xom
Yredelemnul
Zin
The Shining One

Shops:
D:9 =   D:13 *   Orc:1 :   Orc:2 ?([[[   Elf:1 !   Elf:3 [   Shoals:1 :
Shoals:3 (

Portals:
Trove: D:15 (give +2 storm dragon scales)

Annotations:
D:8 1 runed translucent door, Phlounder's ghost, novice DsBe
D:9 2 runed translucent doors, krigyl's ghost, novice TrSu
D:12 1 runed translucent door, robertstho's ghost, adept DjFE
Lair:1 2 transporters
Lair:2 exclusion: oklob plant
Lair:4 2 transporters, exclusion: oklob plant, sakkuzi's ghost, journeyman MiBe
Shoals:3 1 runed translucent door, Eddaez Biosh's ghost, journeyman HOFi
Spider:1 Louise
Elf:1 Roxanne
Elf:2 3 runed translucent doors


Innate Abilities, Weirdness & Mutations

You are immune to sickness and miasma.
You are immune to poison.
Your flesh is very heat resistant. (rF++)
You are vulnerable to cold. (rC-)
You float through the air rather than walking.
You learn spells naturally, not from books.
Your magical power is your life essence.
You have superior vitality. (+4 HP)


Message History

You block the ancient zyme's attack.
The ancient zyme hits you but does no damage.
The thorn hunter hits you!
* * * LOW HITPOINT WARNING * * *
The thorn hunter hits you!
* * * LOW HITPOINT WARNING * * *
The salamander closely misses you. Something hits you.
* * * LOW HITPOINT WARNING * * *
Okay, then. [a] - 380 gold - resistance, might and heal wounds [b] - 624 gold - haste, brilliance and resistance [c] - 390 gold - haste and heal wounds Purchase which effect?
You feel yourself speed up.
You feel much better. The ancient zyme closely misses you.
You block the ancient zyme's attack.
The thorn hunter fires a volley of thorns at you.
The volley of thorns hits you!!
* * * LOW HITPOINT WARNING * * *
Something barely misses you. You block the salamander's attack.
The ancient zyme completely misses you. The ancient zyme barely misses you.
The thorn hunter fires a volley of thorns at you.
The volley of thorns hits you!
* * * LOW HITPOINT WARNING * * *
The salamander wields a +0 shortbow of flaming.
It bursts into flame!
The salamander shoots an arrow.
The arrow completely misses you.
Found a runed brass wand.
You feel better. Something hits you but does no damage.
The ancient zyme hits you.
* * * LOW HITPOINT WARNING * * *
The ancient zyme closely misses you.
Unknown command.
The briar patch crumbles away.
The salamander shoots an arrow.
You reflect the arrow off your +0 kite shield of reflection!
You feel better.
The briar patch crumbles away.
The thorn hunter hits you but does no damage. x2
The salamander shoots an arrow.
The arrow barely misses you. Something hits you!!
You die...
Your body crumbles into a pile of gold.

. #. #..##.##.......
.X##..##$$#..
#.......# ####
.#.#+#$...#........ .
#....$....#....../ .
...#.....#.##.....#
... ....)....#......##
.
.....###.....N......##
. .........{........
.. .........f@.....# .
.........Sx...PP..# ..
......PPPPPPPPP.## ..
. ......PPPPPPPPP... .
.##......##......##.
.. . ...... #......# .
...... ........ ..
.........


You could see a thorn hunter, a salamander, an ancient zyme and a guardian
serpent.

Vanquished Creatures
  Jorgrun (Elf:1)
  2 deep elf blademasters (Elf:3)
  Polyphemus (Shoals:2)
  Gastronok (Orc:1)
  2 tentacled starspawn (Abyss:3)
  Frances (D:12)
  A kraken (Shoals:4)
  A thorn hunter (Abyss:3)
  The ghost of ChodeyFoster420 the Hoplite, an adept MiFi of Okawaru (Shoals:2)
  Kirke (Elf:1)
  2 deep elf sorcerers
  2 deep elf elementalists (Elf:3)
  A stone giant (D:15)
  Azrael (D:15)
  3 deep elf annihilators (Elf:3)
  3 deep elf death magi
  A merfolk javelineer (Shoals:4)
  8 merfolk impalers
  The ghost of Haxyobbu the Fighter, a journeyman MiFi of Okawaru (Lair:2)
  A fire dragon (Lair:6)
  A deep elf high priest (Elf:3)
  Harold (D:11)
  9 hydras
  4 catoblepae
  2 vault guards (D:13)
  7 centaur warriors
  3 merfolk avatars (Shoals:4)
  2 alligator snapping turtles (Shoals:4)
  Erica (D:8)
  4 boulder beetles
  3 two-headed ogres
  A satyr (Shoals:4)
  2 merfolk aquamancers (Shoals:4)
  5 death yaks
  A death knight (D:14)
  The ghost of shadowrider38 the Geomancer, a journeyman GrEE of Vehumet (Lair:2)
  3 orc high priests
  2 tengu warriors (D:15)
  A thrashing horror (Abyss:3)
  3 deep elf knights
  2 wretched stars (Abyss:3)
  13 sea snakes
  A fire crab (Lair:5)
  7 skeletal warriors
  5 deep elf archers
  A swamp dragon (Lair:6)
  A wizard (D:13)
  A phantasmal warrior (D:14)
  4 orc knights (Orc:2)
  A lindwurm (Lair:6)
  13 harpies
  6 necromancers
  11 deep elf zephyrmancers
  20 deep elf pyromancers
  10 fauns
  An orb spider (Lair:2)
  5 orc sorcerers
  6 ugly things
  8 cyclopes
  14 merfolk sirens
  A moth of wrath (Lair:5)
  A worldbinder (Abyss:3)
  7 black mambas
  15 manticores
  2 guardian serpents (Abyss:3)
  An apocalypse crab (Abyss:3)
  Joseph (D:8)
  14 elephants
  5 water nymphs
  2 gargoyles
  3 torpor snails (Lair:6)
  17 cane toads
  Maggie (D:6)
  7 rime drakes
  A freezing wraith (D:14)
  18 komodo dragons
  A yaktaur (shapeshifter) (D:15)
  A demonic crawler (Lair:5)
  A komodo dragon (shapeshifter) (Elf:1)
  A troll (shapeshifter) (Elf:1)
  6 trolls
  2 jumping spiders (Spider:1)
  A hornet (Lair:4)
  2 polar bears
  A wind drake (Shoals:4)
  Grinder (D:4)
  27 merfolk
  6 slime creatures (D:15)
  10 dream sheep
  4 snapping turtles
  23 blink frogs
  A redback (Spider:1)
  2 air elementals
  A shadow (D:10)
  5 wyverns
  A wraith (D:10)
  A vampire (D:13)
  4 fire elementals (D:15)
  2 hogs (Elf:1)
  4 water elementals
  23 yaks
  8 basilisks
  20 humans (D:13)
  9 vampire mosquitoes
  3 steam dragons
  2 wargs
  Edmund (D:6)
  2 swamp worms (Lair:5)
  2 acid dragons
  17 water moccasins
  A hell hound (D:15)
  6 large abominations
  Duvessa (D:4)
  An ice beast (D:6)
  2 sky beasts
  5 ogres
  30 orc warriors
  2 necrophages
  3 black bears
  25 centaurs
  4 wolves (Lair:6)
  2 kobold brigands
  2 phantoms
  4 elf zombies (Elf:1)
  3 water moccasin zombies (Ossuary)
  13 bullfrogs
  2 gnoll sergeants
  A scorpion (D:6)
  Dowan (D:4)
  A wyvern skeleton (D:7)
  A water moccasin skeleton (D:3)
  A killer bee (D:7)
  22 wights
  4 electric eels
  A howler monkey (D:10)
  A bullfrog zombie (D:3)
  4 jellies
  8 centaur zombies
  3 hounds
  Crazy Yiuf (D:7)
  A centaur skeleton (D:6)
  A gnoll shaman (D:9)
  12 orc priests
  Jessica (D:3)
  4 bullfrog skeletons
  5 iguanas
  22 orc wizards
  2 killer bee zombies
  A hound zombie (D:5)
  3 mummies
  A hound skeleton (D:4)
  A howler monkey zombie (D:8)
  15 gnolls
  A howler monkey skeleton (D:4)
  7 adders
  2 shadow imps
  12 white imps (D:11)
  An ufetubus (D:7)
  3 adder zombies (Ossuary)
  3 worms
  3 dart slugs
  73 orcs
  4 ball pythons
  7 endoplasms
  A giant cockroach (D:1)
  15 goblins
  7 hobgoblins
  6 jackals (D:2)
  3 quokkas
  A ball python skeleton (D:3)
  2 ball python zombies (D:3)
  5 bats (D:2)
  A frilled lizard (D:2)
  2 gnoll zombies (Ossuary)
  5 hobgoblin zombies (Ossuary)
  10 kobolds
  5 kobold zombies (Ossuary)
  8 orc zombies (Ossuary)
  10 rats
  A bush (Lair:5)
  A starspawn tentacle (Abyss:3)
935 creatures vanquished.

Vanquished Creatures (collateral kills)
  A deep elf master archer (Elf:3)
  A deep elf blademaster (Elf:3)
  3 dancing weapons (Elf:3)
  An air elemental (Elf:3)
  A water elemental (Elf:3)
  A fire elemental (Elf:3)
  A foxfire (D:3)
9 creatures vanquished.

Vanquished Creatures (others)
  A minotaur (D:1)
  A hydra (D:12)
  10 dancing weapons
  An ugly thing (D:12)
  A gargoyle (D:1)
  2 djinn (D:1)
  A troll (D:12)
  2 formicids (D:1)
  A human (D:1)
  2 demigods (D:1)
  2 dwarves (D:1)
  An iguana (Lair:6)
  A gnoll (D:1)
  2 endoplasms (Lair:5)
  A briar patch (Abyss:3)
  844 foxfires
  41 fungi
  111 plants
  7 starspawn tentacles (Abyss:3)
  8 tentacles
  10 withered plants
1050 creatures vanquished.

Grand Total: 1994 creatures vanquished

Notes
Turn   | Place    | Note
-------+----------+-------------------------------------------
     0 | D:1      | robertstho the Djinni Fire Elementalist began the quest for
                  | the Orb.
     0 | D:1      | Reached XP level 1. HP: 15/15 MP: 0/0
     0 | D:1      | Noticed a dwarf
     0 | D:1      | Noticed a demigod
     0 | D:1      | Noticed a djinni
     0 | D:1      | Noticed a demigod
     0 | D:1      | Noticed a minotaur
     0 | D:1      | Noticed a formicid
     0 | D:1      | Noticed a dwarf
     0 | D:1      | Noticed a kraken
     0 | D:1      | Noticed a human
     0 | D:1      | Noticed a formicid
     0 | D:1      | Noticed a djinni
     0 | D:1      | Noticed a gargoyle
     5 | D:1      | Killed a dwarf
     5 | D:1      | Killed a minotaur
     5 | D:1      | Killed a demigod
     6 | D:1      | Killed a dwarf
     8 | D:1      | Killed a djinni
     9 | D:1      | Killed a djinni
     9 | D:1      | Killed a gargoyle
    10 | D:1      | Killed a formicid
    12 | D:1      | Killed a demigod
    12 | D:1      | Killed a formicid
    13 | D:1      | Killed a human
   309 | D:1      | Reached XP level 2. HP: 14/21 MP: 0/0
   785 | D:1      | Reached skill level 3 in Spellcasting
   870 | D:1      | Reached XP level 3. HP: 22/26 MP: 0/0
   870 | D:1      | Learned a level 1 spell: Animate Skeleton
  1463 | D:2      | Reached XP level 4. HP: 26/31 MP: 0/0
  1780 | D:2      | Found a faded altar of an unknown god.
  1856 | D:2      | Reached skill level 1 in Fighting
  2509 | D:3      | Reached skill level 4 in Spellcasting
  2509 | D:3      | Reached XP level 5. HP: 17/37 MP: 0/0
  2509 | D:3      | Learned a level 2 spell: Call Imp
  3099 | D:3      | You are sucked into a shaft and drop 3 floors!
  3124 | D:6      | Noticed a phantom
  3137 | D:6      | Identified the +3 ring mail of Snakes and Ladders {Drain
                  | Str+3 Int+7}
  3173 | D:6      | Noticed Edmund
  3184 | D:5      | Entered Level 5 of the Dungeon
  3252 | D:5      | Noticed an ogre
  3260 | D:5      | Killed an ogre
  3261 | D:5      | Reached XP level 6. HP: 34/42 MP: 0/0
  3567 | D:5      | Noticed a necrophage
  3572 | D:5      | Killed a necrophage
  3573 | D:5      | Reached skill level 5 in Spellcasting
  3573 | D:5      | Reached XP level 7. HP: 44/49 MP: 0/0
  3573 | D:5      | Learned a level 2 spell: Poisonous Vapours
  3973 | D:4      | Noticed Duvessa
  3987 | D:4      | Killed Duvessa
  3993 | D:4      | Noticed Dowan
  4002 | D:4      | Killed Dowan
  4003 | D:4      | Reached skill level 6 in Spellcasting
  4017 | D:4      | Found a sand-covered staircase.
  4025 | D:4      | Reached XP level 8. HP: 18/56 MP: 0/0
  4031 | Ossuary  | Entered an ossuary
  4998 | D:4      | Found a staircase to the Ecumenical Temple.
  5015 | Temple   | Entered the Ecumenical Temple
  5151 | Temple   | Became a worshipper of Gozag Ym Sagoz the Greedy
  5342 | D:4      | Noticed Grinder
  5352 | D:4      | Killed Grinder
  5353 | D:4      | Reached skill level 7 in Spellcasting
  6790 | D:3      | Noticed Jessica
  6794 | D:3      | Killed Jessica
  6795 | D:3      | Reached XP level 9. HP: 59/61 MP: 0/0
  6795 | D:3      | Learned a level 3 spell: Mephitic Cloud
  7603 | D:6      | Reached skill level 1 in Short Blades
  7603 | D:6      | Reached skill level 8 in Spellcasting
  7610 | D:6      | Reached skill level 1 in Shields
  8428 | D:6      | Noticed Maggie
  8432 | D:6      | Killed Maggie
  8636 | D:6      | Killed Edmund
  9133 | D:7      | Reached skill level 9 in Spellcasting
  9133 | D:7      | Reached XP level 10. HP: 48/69 MP: 0/0
  9753 | D:7      | Found a runed translucent door.
  9754 | D:7      | Noticed Crazy Yiuf
 10333 | D:7      | Killed Crazy Yiuf
 10426 | D:8      | Noticed a two-headed ogre
 10430 | D:8      | Killed a two-headed ogre
 10431 | D:8      | Reached skill level 5 in Fighting
 10431 | D:8      | Reached skill level 10 in Spellcasting
 10692 | D:8      | Noticed Erica
 10696 | D:8      | Killed Erica
 11091 | D:8      | Noticed a gargoyle
 11094 | D:8      | Killed a gargoyle
 11095 | D:8      | Reached XP level 11. HP: 40/76 MP: 0/0
 11095 | D:8      | Learned a level 4 spell: Dispel Undead
 11314 | D:8      | Noticed Joseph
 11319 | D:8      | Killed Joseph
 11320 | D:8      | Reached skill level 11 in Spellcasting
 11657 | D:8      | Found a runed translucent door.
 11657 | D:8      | Noticed Phlounder's ghost (novice DsBe)
 11837 | D:9      | Identified a scroll of acquirement
 11839 | D:9      | Acquired 1043 gold pieces
 11842 | D:9      | Bought the amulet of Contentment {Reflect Int+4 SH+5} for
                  | 635 gold pieces
 12954 | D:9      | Found a staircase to the Orcish Mines.
 13196 | D:9      | Found a large runed translucent door.
 13196 | D:9      | Found a large runed translucent door.
 13231 | D:9      | Noticed krigyl's ghost (novice TrSu)
 13726 | D:10     | Entered Level 10 of the Dungeon
 14253 | D:10     | Found a staircase to the Lair.
 14261 | D:10     | Reached skill level 1 in Long Blades
 15003 | D:10     | Found a shadowy altar of Dithmenos.
 15130 | D:10     | Reached skill level 12 in Spellcasting
 15486 | D:11     | Noticed Harold
 15487 | D:11     | Reached XP level 12. HP: 37/84 MP: 0/0
 16075 | D:11     | Found a frozen archway.
 16084 | D:11     | Killed Harold
 16692 | D:12     | Noticed a two-headed ogre
 16693 | D:12     | Killed a four-headed hydra
 16696 | D:12     | Killed a two-headed ogre
 16954 | D:12     | Found a runed translucent door.
 16955 | D:12     | Noticed robertstho's ghost (adept DjFE)
 17350 | D:12     | Noticed Frances
 17361 | D:12     | Killed Frances
 17362 | D:12     | Reached skill level 13 in Spellcasting
 17625 | D:12     | Identified the +2 robe "Fizuc" {Regen+ Str-3 Int+2 Stlth+}
 17672 | D:12     | Noticed a boulder beetle
 17678 | D:12     | Killed a boulder beetle
 17732 | D:12     | Noticed a boulder beetle
 17743 | D:12     | Killed a boulder beetle
 17901 | Lair:1   | Entered Level 1 of the Lair of Beasts
 17935 | Lair:1   | Reached XP level 13. HP: 75/90 MP: 0/0
 17935 | Lair:1   | Learned a level 5 spell: Agony
 18249 | Lair:1   | Noticed a five-headed hydra
 18253 | Lair:1   | Killed a five-headed hydra
 18266 | Lair:1   | Found a transporter.
 18268 | Lair:1   | Found a transporter.
 18271 | Lair:1   | Noticed a boulder beetle
 18336 | Lair:1   | Reached skill level 14 in Spellcasting
 18722 | Lair:2   | Found a runed translucent gate.
 18722 | Lair:2   | Found a runed translucent gate.
 18723 | Lair:2   | Found a runed translucent gate.
 18725 | Lair:2   | Noticed shadowrider38's ghost (journeyman GrEE)
 18725 | Lair:2   | Noticed Haxyobbu's ghost (journeyman MiFi)
 18876 | Lair:2   | Noticed a catoblepas
 18882 | Lair:2   | Killed a catoblepas
 18895 | Lair:2   | Noticed a catoblepas
 18902 | Lair:2   | Killed a catoblepas
 19035 | Lair:2   | Found a hole to the Spider Nest.
 19231 | Lair:2   | Noticed a boulder beetle
 19247 | Lair:2   | Killed a boulder beetle
 19477 | Lair:2   | Noticed a catoblepas
 19500 | Lair:2   | Noticed a six-headed hydra
 19504 | Lair:2   | Killed a six-headed hydra
 19709 | Lair:2   | Killed a catoblepas
 19876 | Lair:3   | Reached skill level 15 in Spellcasting
 19882 | Lair:3   | Reached XP level 14. HP: 25/98 MP: 0/0
 21244 | Lair:4   | Noticed sakkuzi's ghost (journeyman MiBe)
 21247 | Lair:4   | Found a transporter.
 21312 | Lair:4   | Found a staircase to the Shoals.
 21381 | Lair:4   | Found a transporter.
 21664 | Lair:5   | You are sucked into a shaft and drop 1 floor!
 21664 | Lair:6   | Entered Level 6 of the Lair of Beasts
 21880 | Lair:5   | Reached skill level 16 in Spellcasting
 22021 | Lair:5   | Found a staircase to the Slime Pits.
 22249 | Lair:5   | Identified the +2 rapier of Ysmeavoq {antimagic, rC+ rCorr
                  | Str-4}
 22503 | Lair:5   | Identified the ring "Areoddot" {+Blink rN+++ MP+9 Str-4
                  | Stlth-}
 22915 | Lair:5   | You are sucked into a shaft and drop 1 floor!
 23131 | Lair:6   | Reached XP level 15. HP: 90/105 MP: 0/0
 23131 | Lair:6   | Learned a level 6 spell: Simulacrum
 23392 | Lair:6   | Reached skill level 5 in Stealth
 23890 | Lair:6   | Reached skill level 17 in Spellcasting
 24351 | Lair:2   | Killed shadowrider38's ghost
 24352 | Lair:2   | Reached skill level 1 in Evocations
 24359 | Lair:2   | Killed Haxyobbu's ghost
 24717 | Orc:1    | Entered Level 1 of the Orcish Mines
 24949 | Orc:1    | Found Quwasoes's Self-Improvement Boutique.
 24959 | Orc:1    | Bought a manual of Armour for 1040 gold pieces
 24959 | Orc:1    | Bought a manual of Shields for 1040 gold pieces
 25130 | Orc:2    | Entered Level 2 of the Orcish Mines
 25405 | Orc:1    | Noticed Gastronok
 25416 | Orc:1    | Killed Gastronok
 25832 | Orc:2    | Found Kaacsok's Antique Armour Shoppe.
 25832 | Orc:2    | Found Gizy's Armour Shop.
 25834 | Orc:2    | Found Bairy's Antique Weapon Boutique.
 25886 | Orc:2    | Found a staircase to the Elven Halls.
 26050 | Orc:2    | Found Yddocorgh's Magic Scroll Shoppe.
 26064 | Orc:2    | Bought a scroll of identify for 30 gold pieces
 26064 | Orc:2    | Bought a scroll of magic mapping for 52 gold pieces
 26064 | Orc:2    | Bought a scroll of teleportation for 45 gold pieces
 26064 | Orc:2    | Bought a scroll of brand weapon for 300 gold pieces
 26064 | Orc:2    | Bought a scroll of identify for 30 gold pieces
 26064 | Orc:2    | Bought a scroll of teleportation for 45 gold pieces
 26064 | Orc:2    | Bought a scroll of identify for 30 gold pieces
 26064 | Orc:2    | Bought a scroll of acquirement for 780 gold pieces
 26064 | Orc:2    | Bought a scroll of identify for 30 gold pieces
 26065 | Orc:2    | Acquired the +7 Spriggan's Knife {stab, EV+4 Stlth+}
 26066 | Orc:2    | Found the +7 Spriggan's Knife {stab, EV+4 Stlth+}
 26239 | Orc:2    | Found Meirinwug's Armour Emporium.
 26251 | Orc:2    | Bought the +4 robe of Folly {Brilliance Will-∞ Int+8} for
                  | 578 gold pieces
 26251 | Orc:2    | Found the +4 robe of Folly {Brilliance Will-∞ Int+8}
 26827 | D:13     | Reached XP level 16. HP: 99/112 MP: 0/0
 27788 | D:13     | Found a gate to the Vaults.
 27882 | D:13     | Found Hegenelur's Assorted Antiques.
 27887 | D:13     | Bought a scroll of blinking for 172 gold pieces
 27887 | D:13     | Bought a scroll of teleportation for 69 gold pieces
 28090 | D:14     | Reached skill level 18 in Spellcasting
 28251 | D:14     | Reached skill level 10 in Fighting
 29105 | D:14     | Found a hazy altar of Hepliaklqana.
 29187 | D:15     | Entered Level 15 of the Dungeon
 29582 | D:15     | Noticed Azrael
 29607 | D:15     | Killed Azrael
 30012 | D:15     | Found a portal to a secret trove of treasure.
 30376 | D:15     | Found a staircase to the Depths.
 30753 | Spider:1 | Entered Level 1 of the Spider Nest
 30753 | Spider:1 | Noticed Louise
 30904 | Shoals:1 | Entered Level 1 of the Shoals
 31153 | Shoals:1 | Reached skill level 5 in Dodging
 31162 | Shoals:1 | Reached XP level 17. HP: 100/120 MP: 0/0
 31162 | Shoals:1 | Learned a level 6 spell: Invisibility
 31261 | Shoals:1 | Found Qadwon's Book Boutique.
 31343 | Shoals:1 | You are sucked into a shaft and drop 1 floor!
 32039 | Shoals:2 | Noticed Polyphemus
 32044 | Shoals:2 | Killed Polyphemus
 32422 | Shoals:2 | Found a runed translucent door.
 32422 | Shoals:2 | Noticed ChodeyFoster420's ghost (adept MiFi)
 32426 | Shoals:2 | Identified the +1 hunting sling of Quick Death {flame,
                  | Will- Int+9 Dex+3 Stlth+}
 32626 | Shoals:2 | Reached skill level 19 in Spellcasting
 33050 | Shoals:2 | Killed ChodeyFoster420's ghost
 33056 | Shoals:2 | Identified the amulet of the Past {rN++ Regen+}
 33091 | Shoals:2 | Acquired the +2 hat of Hairiness {rN+ Int+3}
 33330 | Shoals:3 | Found Arphuwk's Weapon Shop.
 33676 | Shoals:3 | Found a runed translucent door.
 33681 | Shoals:3 | Found a shimmering altar of Xom.
 33681 | Shoals:3 | Noticed Eddaez Biosh's ghost (journeyman HOFi)
 34227 | Shoals:4 | Entered Level 4 of the Shoals
 34599 | Shoals:4 | Reached skill level 5 in Shields
 35238 | Shoals:4 | Reached XP level 18. HP: 45/128 MP: 0/0
 36169 | Shoals:4 | Noticed a kraken
 36179 | Shoals:4 | Killed a kraken
 36576 | Shoals:4 | Identified the +0 hat of Watchfulness {Regen+}
 36658 | Shoals:4 | Reached skill level 20 in Spellcasting
 36660 | Shoals:4 | HP: 6/128 [frost giant/bolt of cold (40)]
 36807 | Shoals:4 | Got a barnacled rune of Zot
 37112 | Elf:1    | Entered Level 1 of the Elven Halls
 37118 | Elf:1    | Noticed Jorgrun
 37130 | Elf:1    | Killed Jorgrun
 37238 | Elf:1    | Found Doval's Distillery.
 37306 | Elf:1    | Bought a potion of curing for 33 gold pieces
 37306 | Elf:1    | Bought a potion of invisibility for 88 gold pieces
 37311 | Elf:1    | Noticed Kirke
 37320 | Elf:1    | Killed Kirke
 37748 | Elf:1    | Noticed Roxanne
 38478 | Elf:2    | Found a runed translucent gate.
 38478 | Elf:2    | Found a runed translucent gate.
 38481 | Elf:2    | Found a runed translucent gate.
 38644 | Elf:2    | Reached XP level 19. HP: 119/134 MP: 0/0
 38644 | Elf:2    | Learned a level 7 spell: Summon Hydra
 38922 | Elf:3    | Entered Level 3 of the Elven Halls
 38922 | Elf:3    | Found Diewkaru's Antique Armour Emporium.
 39005 | Elf:3    | Bought a runed cloak for 210 gold pieces
 39005 | Elf:3    | Bought a ripped robe for 159 gold pieces
 39005 | Elf:3    | Identified the +0 robe of Miawocuh {Str+6} (You bought it
                  | in a shop on level 3 of the Elven Halls)
 39064 | Elf:3    | Noticed a deep elf blademaster
 39269 | Elf:3    | Paralysed by an air elemental for 1 turns
 39300 | Elf:3    | Killed a deep elf blademaster
 39422 | Elf:3    | Noticed a deep elf blademaster
 39427 | Elf:3    | Killed a deep elf blademaster
 39428 | Elf:3    | Reached skill level 21 in Spellcasting
 39477 | Elf:3    | Identified the +9 lajatang "Hafuaqun" {antimagic, rF+}
 39509 | Elf:3    | Noticed a deep elf blademaster
 39526 | Elf:3    | Killed a deep elf blademaster
 39528 | Elf:3    | HP: 1/135 [acid (13)]
 39528 | Elf:3    | Cast into level 3 of the Abyss (a deep elf sorcerer)
 39624 | Abyss:3  | HP: 5/135 [thorn hunter/volley of thorns (13)]
 39628 | Abyss:3  | Slain by a shadow wraith

Illustrated notes

Levels and vault maps discovered:
D:1:      nicolae_arrival_kraken_aquarium_a, layout_rooms, minmay_heptomino_h4
D:2:      layout_loops_cross, hellmonk_ecumenical_altar_heavens_door
D:3:      layout_basic, serial_undead, serial_undead_d, serial_undead_c,
          serial_undead_a, serial_undead_d, serial_undead_c, serial_undead_e,
          serial_undead_c, uniq_jessica
D:4:      layout_basic, minmay_temple_entry_arrows, gup_ossuary_entry_pyramid,
          uniq_duvessa, uniq_grinder
D:5:      layout_basic, serial_corexii_hall, chequers_hall_statues_y,
          corexii_hall_statues_t
D:6:      layout_loops_ring, minmay_ogre_servants, uniq_maggie, uniq_edmund
D:7:      layout_gridville, minmay_starry_boxes, uniq_crazy_yiuf_cottage
D:8:      layout_loops_ring, gammafunk_ghost_grave, uniq_erica, uniq_joseph
D:9:      layout_loops_corners, david_orc_2, ebering_ghost_disaster_area
D:10:     minmay_angry_zag, layout_gridville, grunt_dithmenos_smoke_and_mirrors,
          lair_entry_dummy, serial_bayou_lake_a
D:11:     layout_rooms, portal_ice_cave_entry_imps, uniq_harold
D:12:     layout_roguey, ebering_ghost_reflecting_pool,
          lemuel_flamethrower_hall, uniq_frances
D:13:     layout_rooms, grunt_vaults_entry_tiered, serial_shops, shop_coins
D:14:     layout_basic, minmay_misc_feat_room, nicolae_hepliaklqana_hippocampus
D:15:     grunt_enter_depths_snipers, layout_rooms,
          hangedman_abyss_or_decor_clamps, nicolae_trove_entry_diagonal,
          uniq_azrael
Temple:   kilobyte_greek_temple
Lair:1:   gammafunk_boulding_lane, layout_chaotic_city, serial_bayou_shore_b
Lair:2:   layout_regular_city, nicolae_spider_entry_orb_guardian,
          gammafunk_ghost_cemetery, grunt_megastairs_4, serial_bayou_shore_b,
          minmay_lair_oklob_chamber
Lair:3:   layout_gridlike, grunt_megastairs_5
Lair:4:   layout_big_grid, shoals_dummy_entry, nzn_ghost_randoct, minivault_27
Lair:5:   layout_hall_layers, nicolae_slime_entry_slimehenge, worms_lemuel
Lair:6:   guppyfry_lair_end_dragon, layout_regular_city,
          hangedman_lair_in_review
Shoals:1: layout_shoals, nicolae_shoals_c_island
Shoals:2: layout_shoals, gammafunk_ghost_grave, nicolae_shoals_land_atoll,
          uniq_polyphemus
Shoals:3: layout_shoals, ebering_ghost_xom, serial_shops, nicolae_shop_trees
Shoals:4: shoals_end_grunt_ice, layout_shoals
Spider:1: layout_spider_delve, hangedman_spider_tarantella_strand, uniq_louise
Orc:1:    layout_caves, nicolae_shop_self_help, uniq_gastronok
Orc:2:    st_orc_rangers, layout_diamond_mine, serial_shops, shop
Elf:1:    nicolae_elf_arrival_no_cutting_in_line, layout_loops_cross,
          serial_shops, shop_fountains, minmay_elf_necromancy, uniq_roxanne,
          uniq_jorgrun, uniq_kirke
Elf:2:    elven_hall_of_blades_hangedman_original [grunt_blade_entry_basic],
          layout_onion_city, basic_altar
Elf:3:    minmay_elf_hall_furrowed, layout_geoelf_octagon, serial_shops, shop,
          small_chamber_with_monster
Abyss:3:  base: Lair:2, nicolae_abyss_rune_left_handed, evilmike_abyss_exit_10

Skill      XL: |  1  2  3  4  5  6  7  8  9 10 11 12 13 14 15 16 17 18 19 |
---------------+----------------------------------------------------------+-----
Spellcasting   | 3 4 5 6 7 9 10 12 13 15 16 17 18 19 20 21 | 21.2
Fighting       | 1 2 3 4 5 6 7 8 9 10 11 12 | 12.0
Stealth        | 2 3 4 5 |  5.2
Dodging        | 3 4 5 6 |  6.2
Short Blades   | 1 2 |  2.5
Shields        | 1 2 3 4 5 6 |  6.2
Long Blades    | 1 2 |  2.8
Evocations     | 1 2 |  2.0

Action                   |  1- 3 |  4- 6 |  7- 9 | 10-12 | 13-15 | 16-18 | 19-21 || total
-------------------------+-------+-------+-------+-------+-------+-------+-------++-------
Melee: Rapier            |       |       |    21 |       |       |       |       ||    21
       Falchion          |       |       |       |     1 |       |       |       ||     1
       Scimitar          |       |       |       |    17 |    16 |       |       ||    33
       Knife             |       |       |       |       |    17 |    17 |       ||    34
 Cast: Foxfire           |    78 |   107 |   266 |    77 |       |       |       ||   528
       Sticky Flame      |       |     3 |    17 |    14 |    47 |    31 |    11 ||   123
       Fireball          |       |       |    20 |   177 |   436 |   433 |    71 ||  1137
       Conjure Flame     |       |       |       |     1 |       |       |       ||     1
       Mephitic Cloud    |       |       |       |     3 |    48 |    14 |       ||    65
       Dispel Undead     |       |       |       |       |     3 |     5 |       ||     8
       Agony             |       |       |       |       |     2 |     8 |     7 ||    17
       Summon Hydra      |       |       |       |       |       |       |     8 ||     8
Invok: Call Merchant     |       |       |       |     1 |       |       |       ||     1
       Potion Petition   |       |       |       |       |       |     1 |     3 ||     4
Evoke: Condenser vane    |       |       |       |       |     2 |       |       ||     2
       Wand              |       |       |       |       |     9 |    14 |       ||    23
  Use: Potion            |       |     2 |       |       |     3 |     9 |     8 ||    22
       Scroll            |       |     3 |    10 |     9 |    18 |     4 |     2 ||    46
 Stab: Sleeping          |       |       |     1 |       |       |     2 |       ||     3
       Confused          |       |       |       |       |     1 |       |       ||     1
Armor: Robe              |     2 |     5 |    27 |     1 |    34 |    20 |    10 ||    99
       Steam dragon scal |       |       |     1 |    15 |       |       |       ||    16
       Skin              |       |       |       |       |       |     3 |       ||     3
Dodge: Dodged            |     6 |     5 |    47 |    20 |    63 |    63 |    40 ||   244
Block: Other             |       |       |    20 |    10 |     7 |       |       ||    37
       Reflection        |       |       |       |     2 |    16 |    21 |     2 ||    41
       Kite shield       |       |       |       |       |    35 |    89 |    40 ||   164
       Rpst.: Scimitar   |       |       |       |     3 |    11 |       |       ||    14
